Map: Ascension to Aiur LE

Players

Reynor - Winner!

  • Race: Zerg Zerg
  • League: Grandmaster
  • Spawn Location: 11:00

AiLillekanin (Lillekanin)

  • Race: Terran Terran
  • League: Master
  • Spawn Location: 5:00

Event: WESG Barcelona European Finals 2017

VOD

Have the link to the VOD?

Description

Time

  • Played on: Nov. 23, 2017, 8:36 a.m.
  • Length: 3:35

All games in this series

Show
View Real Time Build Order
Export as new Build Order

Reynor Zerg - Winner!

Build Orders: Pool First 

Get SALT Encoding   

  12  0:01  Drone  
  13  0:12  Overlord  
  13  0:17  Drone  
  14  0:25  Drone, Extractor  
  15  0:30  Drone  
  15  0:34  Drone  
  17  0:46  Spawning Pool  
  17  0:49  Drone  
  17  1:11  Hatchery  
  16  1:14  Drone  
  16  1:17  Drone  
  18  1:21  Extractor  
  17  1:33  Zergling x4  
  17  1:36  Queen  
  17  1:39  Zergling x2  
  22  1:50  Overlord  
  22  2:10  Drone  
  22  2:12  Queen, Drone  
  28  2:33  Zergling x6  
  31  2:40  Spine Crawler  
  31  2:42  Zergling x2  
  31  2:43  Zergling x6  
  32  2:51  Zergling x2  
  33  2:55  Zergling x4  
  29  3:06  Zergling x2  
  29  3:07  Zergling x2  
Show
View Real Time Build Order
Export as new Build Order

AiLillekanin Terran 

Build Orders:  

Get SALT Encoding   

  12  0:01  SCV  
  13  0:13  SCV  
  14  0:18  Supply Depot  
  14  0:25  SCV  
  15  0:40  SCV  
  16  0:44  Barracks  
  16  0:57  Barracks  
  16  1:09  Barracks  
  16  1:12  SCV  
  17  1:31  Marine  
  18  1:34  Barracks  
  18  1:39  Orbital Command  
  18  1:44  Marine  
  19  1:49  Marine  
  20  1:55  Marine  
  20  2:00  Supply Depot  
  21  2:02  Marine  
  21  2:07  Marine  
  23  2:13  Marine  
  24  2:20  Marine  
  24  2:21  Marine  
  26  2:24  Marine  
  27  2:31  Marine  
  27  2:36  SCV  
  29  2:38  Marine  
  29  2:39  Marine  
  29  2:43  Marine  
  32  2:49  Marine  
  32  2:56  Marine x2  
  26  3:05  Marine  
  23  3:07  Marine  
Tags
 
Add a new tag
Caveats
  • Supply blocks, unpowered buildings, or Contaminate may cause inaccurate times.
  • Supply counts are checked every 10 seconds.